 Dungeon Crawl Stone Soup version 0.21-a0-442-g848f44b (webtiles) character file.

207 theanonym the Cudgeler (level 6, -14/47 HPs)
             Began as a Formicid Fighter on Nov 14, 2017.
             Demolished by an ogre
             ... wielding a +0 giant club
              (24 damage)
             ... on level 4 of the Dungeon.
             The game lasted 00:06:42 (3191 turns).

theanonym the Cudgeler (Formicid Fighter)           Turns: 3191, Time: 00:06:42

Health: -14/47     AC:  9    Str: 22    XL:     6   Next: 10%
Magic:  0/6        EV:  6    Int:  8    God:
Gold:   118        SH:  9    Dex: 10    Spells: 5/5 levels left

rFire    . . .     SeeInvis +   a - +0 flail
rCold    . . .     Gourm    .   c - +0 shield
rNeg     . . .     Faith    .   n - +0 chain mail
rPois    .         Spirit   +   (helmet unavailable)
rElec    .         Reflect  .   (no cloak)
rCorr    .         Harm     .   (no gloves)
MR       .....                  (no boots)
Stlth    ..........             w - amulet of guardian spirit {Spirit}
HPRegen  0.15/turn              h - ring of stealth {Stlth+}
MPRegen  0.10/turn              (no ring)

@: no status effects
A: permanent stasis, dig shafts and tunnels, four strong arms, antennae 3
a: Dig, Shaft Self


Innate Abilities, Weirdness & Mutations

You cannot be hasted, slowed, berserked, paralysed or teleported.
You can dig through walls and to a lower floor.
Your four strong arms can wield two-handed weapons with a shield.
You have a pair of large antennae on your head. (SInv)


   Skills:
 - Level 3.2 Fighting
 + Level 5.9 Maces & Flails
 - Level 3.2 Armour
 - Level 3.6 Shields


You had 5 spell levels left.
You didn't know any spells.

Skill      XL: |  1  2  3  4  5 |
---------------+----------------+-----
Maces & Flails | 3 4 5 |  5.9
Fighting       | |  3.2
Armour         | |  3.2
Shields        | |  3.6

Action                   |  1- 3 |  4- 6 || total
-------------------------+-------+-------++-------
Melee: Flail             |   140 |   153 ||   293
  Use: Scroll            |       |     3 ||     3
       Potion            |       |     2 ||     2
  Eat: Chunk             |     2 |     5 ||     7
Armor: Scale mail        |    32 |       ||    32
       Chain mail        |    39 |    95 ||   134
Dodge: Dodged            |    33 |    34 ||    67
Block: Shield            |    77 |    96 ||   173

Inventory:

Hand Weapons
 a - a +0 flail (weapon)
Missiles
 d - 4 tomahawks (quivered)
 z - 19 bolts
Armour
 b - a +0 scale mail
 c - a +0 shield (worn)
 n - a +0 chain mail (worn)
   (You found it on level 1 of the Dungeon)
Jewellery
 h - a ring of stealth (left hand) {Stlth+}
   (You found it on level 1 of the Dungeon)
 w - an amulet of guardian spirit (around neck) {Spirit}
   (You found it on level 3 of the Dungeon)
Wands
 q - a wand of polymorph (11/24)
   (You took it off Jessica on level 2 of the Dungeon)
Scrolls
 g - 2 scrolls of teleportation {unknown}
 r - a scroll of identify
 s - 2 scrolls of enchant armour {unknown}
 u - a scroll of remove curse {unknown}
 x - a scroll of noise {unknown}
 y - a scroll of magic mapping {unknown}
Potions
 e - a potion of heal wounds {unknown}
 l - a potion of lignification {unknown}
 m - a potion of berserk rage {unknown}
 p - a potion of brilliance {unknown}
 t - a potion of flight {unknown}
 v - a potion of magic {unknown}
Comestibles
 f - 4 bread rations
 i - 2 royal jellies
 j - 5 meat rations

Dungeon Overview and Level Annotations

Branches:
Dungeon (4/15)
 Temple: D:4-7

Altars:
Qazlal


You were on level 4 of the Dungeon.
You were hungry.

You visited 1 branch of the dungeon, and saw 4 of its levels.

You collected 118 gold pieces.


Message History

You block the orc wizard's attack.
You take 1 damage, and have 12/41 hp.
You barely miss the orc wizard. The orc wizard casts a spell at you.
You resist with some effort. You block the orc's attack.
You closely miss the orc wizard. You block the orc wizard's attack.
The orc closely misses you. You block the orc wizard's attack.
You bludgeon the orc wizard!!
You kill the orc wizard!
You have reached level 6!
Your experience leads to an increase in your attributes!
Your base attributes are Str 21, Int 8, Dex 10.
Increase (S)trength, (I)ntelligence, or (D)exterity?
You feel stronger. You block the orc's attack.
You regained 2 hp, and now have 14/47 hp.
You block the orc's attack.
You barely miss the orc. The orc closely misses you.
You closely miss the orc. You block the orc's attack.
Your shield and chain mail prevent you from hitting the orc.
The orc hits you but does no damage.
You bludgeon the orc!!
You kill the orc!
You see here a dagger.
d - a tomahawk MP restored: 6 You start resting.
Eating one of 4 chunks of flesh.
You eat one of the 4 chunks of flesh.
You feel a little less mighty now.
You regained 2 hp, and now have 19/47 hp.
You start resting.
All of the chunks of flesh in your inventory have rotted away.
Health restored: 47 You see here a dagger.
Things that are here:
a dagger; a robe
d - 4 tomahawks (gained 3)
You see here a trident.
An orc and an orc warrior come into view.
The orc warrior shouts!
The orc shouts!
You hear a shout!
There are monsters nearby!
There are monsters nearby!
There are monsters nearby!
Search for what [Enter for "plate || flail", or ? for help]?
Unknown command.
You see here a falchion of flaming.
There is a stone staircase leading down here.
There is a stone staircase leading up here.
You climb upwards.
There is a stone staircase leading down here.
Unknown command.
You climb downwards.
There is a stone staircase leading up here.
You block the orc warrior's attack.
You are feeling hungry.
There is a stone staircase leading up here.
You block the orc warrior's attack.
You climb upwards.
There is a stone staircase leading down here.
There is an open door here.
There is a stone staircase leading down here.
You climb downwards.
There is a stone staircase leading up here.
You now have 118 gold pieces (gained 16).
You sense a monster nearby.
An orc comes into view. It is wielding a hand axe.
The orc shouts!
Found a buckler.
An orc is nearby!
An orc is nearby!
An orc is nearby!
An orc is nearby!
The orc hits you but does no damage.
A quokka comes into view.
You sock the orc!
You kill the orc!
An ogre comes into view. It is wielding a giant club.
The ogre shouts!
You hear a shout!
The ogre barely misses you.
You completely miss the ogre. The ogre hits you with a giant club!!
You take 16 damage, and have 31/47 hp.
MASSIVE DAMAGE!!
You now have 4/6 mp.
You are too injured to fight recklessly!
You closely miss the ogre. The ogre hits you with a giant club!
* * * LOW HITPOINT WARNING * * *
You block the quokka's attack.
You take 8 damage, and have 23/47 hp.
You now have 3/6 mp.
You closely miss the quokka. The quokka bites you.
* * * LOW HITPOINT WARNING * * *
The ogre hits you with a giant club!
* * * LOW MAGIC WARNING * * *;
* * * LOW HITPOINT WARNING * * *
You take 13 damage, and have 10/47 hp.
MASSIVE DAMAGE!!
You now have 2/6 mp.
Okay, then.
Unknown command.
It was a potion of haste.
Your stasis prevents you from being hasted.
The quokka bites you but does no damage.
The ogre hits you with a giant club!!
* * * LOW MAGIC WARNING * * *
Ouch! That really hurt!
You die...

#.# #.#
#.######### #.#
#.........## #.#
#..........###.##
#.#######........
..######.#
##.###.##
.[.r..)..#
#.###.##
..#####r##
#....... #@#
#####.## #O# #...
{ {... #### #####
#^#


You could see an ogre and a quokka.

Notes
Turn   | Place    | Note
-------+----------+-------------------------------------------
     0 | D:1      | theanonym the Formicid Fighter began the quest for the Orb.
     0 | D:1      | Reached XP level 1. HP: 18/18 MP: 1/1
    89 | D:1      | HP: 8/18 [leopard gecko (2)]
   292 | D:1      | Reached XP level 2. HP: 24/24 MP: 2/2
   455 | D:1      | Reached skill level 3 in Maces & Flails
   916 | D:2      | Reached XP level 3. HP: 27/29 MP: 3/3
  1381 | D:2      | Reached skill level 4 in Maces & Flails
  1381 | D:2      | Reached XP level 4. HP: 35/35 MP: 4/4
  1443 | D:2      | Noticed Jessica
  1450 | D:2      | Killed Jessica
  1737 | D:2      | Noticed Robin
  1749 | D:2      | Killed Robin
  1759 | D:2      | Reached XP level 5. HP: 41/41 MP: 5/5
  1881 | D:3      | HP: 18/41 [orc/flail (4)]
  2098 | D:3      | Reached skill level 5 in Maces & Flails
  2253 | D:3      | Found a stormy altar of Qazlal.
  2773 | D:4      | HP: 20/41 [orc wizard/dagger (2)]
  2781 | D:4      | HP: 13/41 [orc wizard/puff of flame (7)]
  2787 | D:4      | HP: 12/41 [orc/trident (1)]
  2790 | D:4      | Reached XP level 6. HP: 14/47 MP: 4/6
  3020 | D:4      | Noticed an orc warrior
  3186 | D:4      | Noticed an ogre
  3189 | D:4      | HP: 23/47 [ogre/giant club (8)]
  3190 | D:4      | HP: 10/47 [ogre/giant club (12)]
  3191 | D:4      | Demolished by an ogre

Vanquished Creatures
  An orc priest (D:4)
  Jessica (D:2)
  An orc wizard (D:4)
  A hound skeleton (D:4)
  Robin (D:2)
  2 adders
  2 worms (D:2)
  A dart slug (D:2)
  2 leopard geckos
  7 orcs
  4 giant cockroaches
  10 goblins
  5 hobgoblins
  5 jackals (D:3)
  4 kobolds
  A quokka (D:2)
  9 bats
  9 frilled lizards
  A quokka skeleton (D:4)
  5 rats
72 creatures vanquished.
